 Dungeon Crawl Stone Soup version 0.26.1-2-gb8aa6d0cf2 (webtiles) character file.

Game seed: 11986381094425457

5630 McKennaii the Thaumaturge (level 10, -7/50 HPs)
             Began as a Deep Elf Fire Elementalist on Feb 12, 2021.
             Was a Priest of Vehumet.
             Mangled by a three-headed hydra (12 damage)
             ... on level 9 of the Dungeon.
             The game lasted 00:28:15 (12201 turns).

McKennaii the Thaumaturge (DEFE)                   Turns: 12201, Time: 00:28:15

Health: -7/50      AC:  6    Str: 10    XL:     10   Next: 46%
Magic:  17/28      EV: 16    Int: 24    God:    Vehumet [***...]
Gold:   363        SH:  0    Dex: 15    Spells: 22/34 levels left

rFire    + . .     SeeInvis .   G - staff of conjuration
rCold    . . .     Faith    .   (no shield)
rNeg     . . .     Spirit   .   r - +1 leather armour of Proximity {Str+5}
rPois    .         Reflect  .   (no helmet)
rElec    .         Harm     .   (no cloak)
rCorr    .         Rampage  .   u - +0 pair of gloves
Will     +....                  A - +0 pair of boots
Stlth    ++........             (no amulet)
HPRegen  0.16/turn              I - ring of protection from cold
MPRegen  0.21/turn              J - ring of fire

@: no status effects
A: no striking features
a: Renounce Religion


You were on level 9 of the Dungeon.
You worshipped Vehumet.
Vehumet was most pleased with you.
You visited 2 branches of the dungeon, and saw 10 of its levels.
You also visited: Ossuary.

You collected 681 gold pieces.
You spent 318 gold pieces at shops.

Inventory:

Armour
 a - a +0 robe
 r - the +1 leather armour of Proximity (worn) {Str+5}
   (You found it on level 5 of the Dungeon)

   It affects your strength (+5).
 u - a +0 pair of gloves (worn)
 A - a +0 pair of boots (worn)
 B - the +6 chain mail of Crawling {Regen+}
   (You took it off an orc on level 6 of the Dungeon)

   It increases your rate of regeneration.
Magical Staves
 G - an uncursed staff of conjuration (weapon)
Jewellery
 d - an uncursed ring of see invisible
 f - an uncursed ring of positive energy
 I - a ring of protection from cold (left hand)
 J - a ring of fire (right hand)
 M - an uncursed amulet of faith {unknown}
Wands
 p - a wand of iceblast (8)
 t - a wand of acid (12)
 v - a wand of enslavement (11)
 x - a wand of flame (20)
 E - a wand of polymorph (7)
 F - a wand of random effects (18)
Scrolls
 e - 3 scrolls of remove curse
 g - a scroll of fog
 h - 2 scrolls of identify
 i - 2 scrolls of amnesia {unknown}
 k - 3 scrolls of enchant weapon
 l - 3 scrolls of blinking
 q - 5 scrolls of teleportation
 s - 3 scrolls of summoning
 w - a scroll of magic mapping {unknown}
 y - 2 scrolls of enchant armour
 C - a scroll of random uselessness {unknown}
 D - a scroll of fear {unknown}
 L - a scroll of immolation {unknown}
Potions
 b - 7 potions of flight
 c - 2 potions of ambrosia
 j - 3 potions of berserk rage
 m - 3 potions of haste {unknown}
 n - a potion of degeneration {unknown}
 o - 3 potions of magic
 z - 2 potions of curing {unknown}
 H - a potion of brilliance {unknown}
 K - a potion of resistance {unknown}


   Skills:
 + Level 0.2 Fighting
 + Level 1.6 Armour
 * Level 7.1 Dodging
 + Level 4.0 Stealth
 * Level 12.7 Spellcasting
 * Level 6.7 Conjurations
 * Level 9.6 Fire Magic
 * Level 0.5 Earth Magic
 + Level 0.6 Evocations


You had 22 spell levels left.
You knew the following spells:

 Your Spells              Type           Power        Failure   Level
a - Foxfire               Conj/Fire      100%         1%          1
b - Conjure Flame         Conj/Fire      89%          1%          3
c - Fireball              Conj/Fire      44%          1%          5
d - Stone Arrow           Conj/Erth      98%          1%          3

Your spell library contained the following spells:

 Spells                   Type           Power        Failure   Level
 Inner Flame              Hex/Fire       55%          1%          3
 Sticky Flame             Conj/Fire      89%          1%          4


Dungeon Overview and Level Annotations

Branches:
Dungeon (9/15)             Temple (1/1) D:5            Lair (0/6) D:8
Ossuary (visited)
    Orc: D:9-12

Altars:
Ashenzari
Cheibriados
Dithmenos
Elyvilon
Fedhas
Gozag
Hepliaklqana
Kikubaaqudgha
Makhleb
Nemelex Xobeh
Okawaru
Qazlal
Ru
Sif Muna
Trog
Uskayaw
Vehumet
Wu Jian
Xom
Yredelemnul
Zin
The Shining One

Shops:
D:6 ?

Annotations:
D:7 2 transporters, Cykl0x's ghost, novice MiFi


Message History

Aim: a three-headed hydra (heavily wounded, 8% to evade)
You feel a surge of power!
The stone arrow hits the three-headed hydra!
The three-headed hydra is severely wounded.
The three-headed hydra bites you!
The three-headed hydra closely misses you.
The three-headed hydra bites you!
Casting: Stone Arrow (safe; 1% risk of failure)
Confirm with . or Enter, or press ? or * to list all spells.
Aiming: Stone Arrow (safe; 1% risk of failure)
Press: ? - help, Shift-Dir - straight line, f/p - three-headed hydra
Aim: a three-headed hydra (severely wounded, 8% to evade)
You feel a surge of power!
The stone arrow hits the three-headed hydra!!
The three-headed hydra is almost dead.
The three-headed hydra bites you!
* * * LOW HITPOINT WARNING * * *
The three-headed hydra bites you but does no damage.
The three-headed hydra bites you!
You die...

##...........≈≈≈........
#####.#####§≈≈≈≈.......
#.≈.≈)≈PP#.§§≈........
#...)..≈P#..§.........
#..P..P≈≈#.§...†......
#.....≈≈P#............
#.....P≈.#............
##'''###+#............
#....@# #............
#.....D).#...........≈
##########............
##...........
##.......... ##.........
##........ ##.......
##......


You could see a three-headed hydra.

Vanquished Creatures
  Psyche (D:8)
  A troll (D:9)
  2 dream sheep (D:9)
  A wyvern (D:8)
  Duvessa (D:6)
  2 orc warriors (D:6)
  A black bear (D:8)
  A sky beast (D:6)
  An ice beast (D:8)
  A phantom (D:8)
  6 ogres
  A necrophage (D:8)
  4 centaurs
  5 big kobolds
  3 bullfrogs
  2 elf zombies (Ossuary)
  A gnoll sergeant (D:8)
  Dowan (D:6)
  6 scorpions
  4 killer bees (D:7)
  12 wights
  2 howler monkeys (D:6)
  A lava snake (D:9)
  2 hounds
  A centaur zombie (Ossuary)
  7 orc wizards
  2 quasits
  2 centaur skeletons
  3 orc priests
  A gnoll shaman (D:4)
  2 iguanas (D:9)
  Terence (D:3)
  2 worker ants
  A hound zombie (D:9)
  A hound skeleton (D:9)
  2 mummies (Ossuary)
  A howler monkey zombie (D:8)
  A howler monkey skeleton (D:5)
  13 adders
  9 gnolls
  2 shadow imps (D:9)
  5 white imps
  An ufetubus (D:7)
  An ooze (D:1)
  2 adder zombies (Ossuary)
  An adder skeleton (D:7)
  A worm (D:4)
  6 leopard geckos
  37 orcs
  10 giant cockroaches
  12 hobgoblins
  14 jackals
  5 quokkas
  3 bats
  A frilled lizard (D:2)
  4 goblins (D:1)
  A goblin zombie (Ossuary)
  15 hobgoblin zombies (Ossuary)
  14 kobolds
  7 kobold zombies (Ossuary)
  2 leopard gecko skeletons
  5 orc zombies (Ossuary)
  A quokka skeleton (D:8)
  2 quokka zombies (D:4)
  4 rats
  3 rat zombies (Ossuary)
270 creatures vanquished.

Vanquished Creatures (others)
  1350 foxfires
1350 creatures vanquished.

Grand Total: 1620 creatures vanquished

Notes
Turn   | Place    | Note
-------+----------+-------------------------------------------
     0 | D:1      | McKennaii the Deep Elf Fire Elementalist began the quest
                  | for the Orb.
     0 | D:1      | Reached XP level 1. HP: 10/10 MP: 6/6
   308 | D:1      | You fall into a shaft and drop 1 floor!
   413 | D:2      | Reached XP level 2. HP: 15/15 MP: 4/8
  1085 | D:2      | Found a shimmering blue altar of Sif Muna.
  1097 | D:2      | Found a sacrificial altar of Ru.
  1752 | D:3      | Noticed Terence
  1760 | D:3      | Reached XP level 3. HP: 19/19 MP: 7/9
  1965 | D:3      | Found a blossoming altar of Fedhas.
  2174 | D:3      | Killed Terence
  2175 | D:3      | Reached XP level 4. HP: 22/24 MP: 1/11
  2475 | D:3      | Found a glowing drain.
  2490 | D:3      | Reached skill level 4 in Spellcasting
  2753 | D:3      | Found a faded altar of an unknown god.
  3070 | D:4      | Reached XP level 5. HP: 28/28 MP: 9/13
  3137 | D:4      | Reached skill level 5 in Spellcasting
  3147 | D:4      | Noticed an ogre
  3212 | D:4      | Found an opulent altar of Gozag.
  3294 | D:4      | Found a sand-covered staircase.
  3301 | Ossuary  | Entered an ossuary
  3675 | Ossuary  | Reached XP level 6. HP: 6/32 MP: 1/16
  3703 | Ossuary  | Reached skill level 5 in Fire Magic
  4004 | Ossuary  | Reached skill level 6 in Spellcasting
  4790 | D:4      | Reached XP level 7. HP: 36/36 MP: 12/18
  5088 | D:4      | Found a broken altar of Ashenzari.
  5129 | D:4      | Reached skill level 7 in Spellcasting
  5186 | D:4      | Found a shadowy altar of Dithmenos.
  5186 | D:4      | Found a hazy altar of Hepliaklqana.
  5189 | D:4      | Noticed a shadow
  5219 | D:4      | Found an opulent altar of Gozag.
  5329 | D:4      | Found a sparkling altar of Nemelex Xobeh.
  5635 | D:4      | Reached skill level 8 in Spellcasting
  5791 | D:5      | Entered Level 5 of the Dungeon
  5837 | D:5      | Got a faintly humming leather armour
  5848 | D:5      | Identified the +1 leather armour of Proximity {Str+5} (You
                  | found it on level 5 of the Dungeon)
  5852 | D:5      | Learned a level 3 spell: Conjure Flame
  5858 | D:5      | Learned a level 5 spell: Fireball
  6183 | D:5      | Found a staircase to the Ecumenical Temple.
  6205 | D:5      | Reached XP level 8. HP: 33/41 MP: 14/22
  6213 | Temple   | Entered the Ecumenical Temple
  6324 | Temple   | Became a worshipper of Vehumet
  6951 | D:6      | Reached skill level 5 in Dodging
  7121 | D:6      | Reached skill level 9 in Spellcasting
  7354 | D:6      | Noticed Duvessa
  7364 | D:6      | Noticed Dowan
  7369 | D:6      | Killed Duvessa
  7372 | D:6      | Killed Dowan
  7413 | D:6      | Identified the +6 chain mail of Crawling {Regen+}
  7442 | D:6      | Reached skill level 1 in Armour
  7715 | D:6      | Found a glowing golden altar of the Shining One.
  7728 | D:6      | Reached skill level 10 in Spellcasting
  7728 | D:6      | Reached XP level 9. HP: 45/45 MP: 18/25
  7831 | D:6      | Found an ornate altar of the Wu Jian Council.
  7943 | D:6      | Reached * piety under Vehumet
  7943 | D:6      | Offered knowledge of Freeze by Vehumet.
  8075 | D:6      | Found a stormy altar of Qazlal.
  8228 | D:6      | Reached skill level 5 in Conjurations
  8592 | D:6      | Found Hoatun's Magic Scroll Emporium.
  8596 | D:6      | Bought a scroll of blinking for 90 gold pieces
  8596 | D:6      | Bought a scroll of summoning for 114 gold pieces
  8596 | D:6      | Bought a scroll of enchant armour for 90 gold pieces
  8596 | D:6      | Bought a scroll of identify for 24 gold pieces
  8993 | D:7      | Found a transporter.
  8995 | D:7      | Noticed a troll
  8998 | D:7      | Found a bloodstained altar of Trog.
  8998 | D:7      | Noticed Cykl0x's ghost (novice MiFi)
  9006 | D:7      | Found a transporter.
  9015 | D:7      | Noticed a moth of wrath
  9335 | D:7      | Offered knowledge of Magic Dart by Vehumet.
  9351 | D:7      | Reached ** piety under Vehumet
 10004 | D:7      | Reached skill level 11 in Spellcasting
 10030 | D:7      | Found a glowing silver altar of Zin.
 10213 | D:8      | Noticed Psyche
 10220 | D:8      | Killed Psyche
 10349 | D:8      | Reached XP level 10. HP: 20/50 MP: 15/27
 10732 | D:8      | Offered knowledge of Ignite Poison by Vehumet.
 10795 | D:8      | Found a bloodstained altar of Trog.
 10868 | D:8      | Found a staircase to the Lair.
 11071 | D:8      | Found a basalt altar of Yredelemnul.
 11265 | D:9      | Reached skill level 12 in Spellcasting
 11441 | D:9      | Reached *** piety under Vehumet
 11901 | D:9      | Offered knowledge of Stone Arrow by Vehumet.
 11915 | D:9      | Learned a level 3 spell: Stone Arrow
 12196 | D:9      | Noticed a three-headed hydra
 12201 | D:9      | Mangled by a three-headed hydra

Illustrated notes

Levels and vault maps discovered:
D:1:      zaba_arrival_water, layout_basic
D:2:      layout_basic, general_overflow_altar, nicolae_ru_path_of_blood
D:3:      kennysheep_big_flooded_room, layout_basic, fedhas_altar_fruit_tree,
          chequers_ecumenical_altar_grove, gup_sewer_entry_glass, uniq_terence
D:4:      layout_loops_cross, riverfiend_overflow_shadow_ancestor,
          kennysheep_mini, kennysheep_mini_moat, lemuel_crystal_altar,
          enter_ossuary_4, nicolae_gozag_cash_rules_everything_around_me
D:5:      layout_gridville, minmay_temple_entry_waves
D:6:      layout_loops_ring, tso_altar, marbit_many_paths,
          nicolae_qazlal_eye_of_the_storm, serial_shops, shop, uniq_duvessa
D:7:      layout_rooms, lemuel_coloured_pillars_altar,
          gammafunk_ghost_wrathful_warriors
D:8:      layout_basic, overflow_temple_1_default, lair_entry_dummy, trog_book,
          uniq_psyche
D:9:      layout_big_octagon, hangedman_ranch [blue_anna_fruit_fields]
Temple:   jpeg_temple_island

Skill      XL: |  1  2  3  4  5  6  7  8  9 10 |
---------------+-------------------------------+-----
Fire Magic     | 4 5 6 7 9 |  9.6
Dodging        | 3 4 5 6 7 |  7.1
Spellcasting   | 4 5 6 8 10 11 12 | 12.7
Conjurations   | 2 3 4 6 |  6.7
Stealth        | 3 4 |  4.0
Armour         | 1 |  1.6
Fighting       | |  0.2
Earth Magic    | |  0.5
Evocations     | |  0.6

Action                   |  1- 3 |  4- 6 |  7- 9 | 10-12 || total
-------------------------+-------+-------+-------+-------++-------
Melee: Unarmed           |     8 |    22 |     6 |       ||    36
 Cast: Foxfire           |    72 |   177 |   412 |   162 ||   823
       Fireball          |       |       |       |     3 ||     3
       Stone Arrow       |       |       |       |     3 ||     3
Evoke: Wand              |       |       |     8 |     3 ||    11
  Use: Scroll            |       |       |     6 |     3 ||     9
Armor: Robe              |       |     6 |     1 |       ||     7
       Leather armour    |       |       |    32 |    12 ||    44
Dodge: Dodged            |    15 |    47 |   101 |    56 ||   219
